Map: Overgrowth LE (Void)

Players

SpeCial - Winner!

  • Race: Terran Terran
  • League: Grandmaster
  • Spawn Location: 7:00

PtitDrogo

  • Race: Protoss Protoss
  • League: Master
  • Spawn Location: 1:00

Event: NationWars IV

VOD

https://www.youtube.com/watch?v=wqbUbQJYwAs&t=31s

Description

Time

  • Played on: Jan. 5, 2017, 3:19 p.m.
  • Length: 15:35

All games in this series

Show
View Real Time Build Order
Export as new Build Order

SpeCial Terran - Winner!

Build Orders: Cyclone Opening, MMM Bio 

Get SALT Encoding   

  12  0:00  SCV  
  13  0:13  SCV  
  14  0:18  Supply Depot  
  14  0:25  SCV  
  15  0:41  Barracks  
  15  0:44  Refinery  
  15  0:46  SCV  
  16  0:52  Refinery  
  16  0:58  SCV  
  17  1:10  SCV  
  19  1:29  Orbital Command, Reaper  
  19  1:37  Supply Depot  
  19  1:42  Factory  
  19  1:52  Bunker  
  19  1:57  SCV  
  20  2:02  Marine  
  21  2:09  SCV  
  22  2:21  SCV  
  22  2:28  Cyclone  
  25  2:33  SCV  
  25  2:36  Starport  
  26  2:45  SCV  
  26  2:47  Supply Depot  
  27  2:56  Liberator  
  27  2:58  SCV  
  28  3:00  Cyclone  
  31  3:10  SCV  
  35  3:22  SCV  
  36  3:37  Command Center  
  36  3:39  SCV  
  37  3:42  Factory Tech Lab  
  37  3:47  Barracks Reactor  
  37  3:52  SCV  
  38  4:03  Barracks x2  
  38  4:09  SCV  
  39  4:23  SCV  
  39  4:32  Supply Depot, Marine x2, Viking  
  39  4:35  SCV  
  45  4:47  SCV  
  45  4:51  Barracks Tech Lab  
  40  4:59  SCV, Widow Mine  
  43  5:00  Marine x2  
  43  5:05  Bunker  
  43  5:06  Orbital Command  
  45  5:11  Marine x2  
  45  5:12  SCV  
  48  5:14  Stimpack  
  48  5:24  SCV  
  46  5:29  Marine x2  
  39  5:44  SCV x2, Widow Mine  
  39  5:45  Bunker  
  39  5:46  Medivac  
  39  5:49  Marine x2  
  44  5:50  Marine  
  44  5:54  Marine  
  44  5:56  SCV  
  42  6:07  Marine, SCV  
  42  6:08  SCV  
  45  6:11  Engineering Bay  
  45  6:12  Concussive Shells  
  45  6:20  SCV x2  
  44  6:28  Factory Reactor, Medivac  
  44  6:32  SCV x2  
  46  6:35  Marine x2  
  46  6:36  Marauder x2  
  44  6:56  Marine x2  
  44  6:57  Marauder  
  44  6:58  Marauder  
  47  7:02  SCV x2  
  49  7:10  Factory Reactor  
  49  7:14  Marine x2  
  48  7:24  Medivac x2  
  48  7:26  SCV x2  
  53  7:35  Marine x2  
  53  7:36  Marauder  
  50  7:40  SCV x2  
  48  7:52  Widow Mine  
  48  7:53  Marine x2, SCV x2, Widow Mine  
  48  7:56  Combat Shields  
  56  8:00  Terran Infantry Weapons Level 1  
  56  8:04  Missile Turret  
  56  8:05  SCV  
  57  8:08  Marauder  
  57  8:09  Marauder  
  61  8:15  Marine x2  
  63  8:22  Widow Mine x2  
  63  8:24  SCV  
  63  8:25  SCV  
  69  8:27  Supply Depot  
  69  8:29  Marine  
  69  8:32  Liberator  
  70  8:39  Supply Depot  
  70  8:49  Marine x3  
  70  8:54  Marauder  
  76  8:57  SCV x2  
  76  9:00  Barracks  
  76  9:01  Barracks  
  78  9:05  Supply Depot, Refinery  
  78  9:06  Marine x2, Supply Depot  
  78  9:07  Marauder  
  78  9:09  SCV  
  83  9:11  Widow Mine  
  83  9:15  Marine  
  86  9:18  Widow Mine  
  84  9:24  Marine x2  
  84  9:26  Supply Depot  
  84  9:28  Supply Depot  
  84  9:30  Marauder  
  88  9:32  Liberator  
  88  9:33  Marauder  
  88  9:41  SCV  
  88  9:42  Marine x2, SCV  
  92  9:48  Widow Mine x2  
  99  9:53  Marine x3  
  99  9:54  Marine  
  99  9:56  SCV x2  
  103  10:05  Marine x2  
  101  10:10  Medivac  
  101  10:11  Marauder  
  101  10:13  Supply Depot  
  105  10:20  Marine x2  
  107  10:23  Marine x2  
  107  10:27  Widow Mine x2  
  113  10:34  Supply Depot x2  
  112  10:39  Marine  
  112  10:40  Marauder, Marine  
  116  10:49  Liberator  
  114  10:55  Widow Mine x2  
  114  10:56  Missile Turret  
  118  10:58  Bunker  
  118  11:03  Missile Turret  
  118  11:04  Medivac  
  123  11:12  Missile Turret  
  123  11:14  Marauder  
  123  11:16  Liberator  
  121  11:24  Marauder, Marine  
  111  11:33  Marine x2  
  111  11:36  Marauder  
  118  11:42  Terran Infantry Armor Level 1  
  117  11:50  Marine  
  117  11:51  Marauder, Marine  
  121  11:54  Medivac  
  121  11:57  Marauder  
  121  11:58  Refinery  
  113  12:11  Marine x2  
  113  12:13  Barracks Tech Lab, Barracks Reactor, Widow Mine x2  
  115  12:27  Marine  
  115  12:28  Marauder  
  115  12:29  Marine, Medivac  
  119  12:30  Medivac  
  119  12:36  Marauder  
  117  12:46  Marine  
  117  12:47  Marauder, Marine  
  117  12:49  Liberator x2  
  123  13:14  Marine x5  
  123  13:15  Marine  
  123  13:18  Marine  
  130  13:33  Marauder  
  132  13:35  Orbital Command  
  126  13:46  Marine x2  
  126  13:47  Marauder, Widow Mine x2  
  132  13:50  Marine  
  132  13:55  Marine  
  120  14:21  Marine  
  120  14:22  Marauder, Marine  
  113  14:28  SCV x2  
  110  14:43  Marauder  
  86  14:47  Marauder, Marine  
  76  14:54  Marauder, Marine  
  82  15:05  Marine  
Show
View Real Time Build Order
Export as new Build Order

PtitDrogo Protoss 

Build Orders: Oracle Opening 

Get SALT Encoding   

  12  0:00  Probe (Chrono Boost)  
  13  0:11  Probe (Chrono Boost)  
  14  0:17  Pylon  
  14  0:22  Probe (Chrono Boost)  
  15  0:35  Probe (Chrono Boost), Gateway  
  16  0:46  Probe (Chrono Boost)  
  16  0:47  Assimilator  
  17  0:56  Probe (Chrono Boost)  
  18  1:07  Probe (Chrono Boost)  
  19  1:18  Probe (Chrono Boost)  
  20  1:21  Zealot  
  20  1:23  Cybernetics Core  
  22  1:26  Assimilator  
  22  1:28  Pylon  
  22  1:30  Probe (Chrono Boost)  
  24  1:48  Probe (Chrono Boost)  
  25  2:07  Mothership Core (Chrono Boost)  
  26  2:09  Stalker  
  28  2:30  Probe (Chrono Boost), Warp Gate  
  28  2:38  Stalker  
  28  2:39  Nexus  
  30  2:46  Pylon  
  30  2:51  Probe (Chrono Boost)  
  30  2:59  Stargate  
  30  3:03  Probe (Chrono Boost)  
  31  3:09  Stalker  
  33  3:15  Probe (Chrono Boost)  
  35  3:27  Probe (Chrono Boost)  
  35  3:31  Gateway  
  35  3:34  Gateway  
  35  3:39  Probe (Chrono Boost)  
  36  3:41  Oracle  
  39  3:53  Probe (Chrono Boost)  
  40  3:57  Pylon  
  40  3:58  Probe (Chrono Boost)  
  42  4:11  Probe (Chrono Boost)  
  42  4:13  Probe (Chrono Boost)  
  42  4:14  Oracle  
  43  4:23  Probe (Chrono Boost)  
  47  4:24  Probe (Chrono Boost)  
  47  4:31  Stalker  
  47  4:33  Stalker  
  47  4:36  Stalker  
  53  4:40  Probe (Chrono Boost)  
  53  4:54  Probe (Chrono Boost)  
  53  4:57  Stalker x2  
  57  5:02  Probe (Chrono Boost)  
  58  5:08  Pylon  
  58  5:10  Probe (Chrono Boost)  
  58  5:12  Probe (Chrono Boost)  
  60  5:15  Stalker  
  51  5:47  Stalker x3  
  51  5:48  Probe (Chrono Boost)  
  58  5:57  Probe (Chrono Boost)  
  58  6:04  Probe (Chrono Boost), Oracle  
  58  6:05  Assimilator  
  58  6:06  Assimilator  
  61  6:13  Stalker x2  
  61  6:16  Nexus  
  62  6:29  Stalker  
  62  6:30  Probe (Chrono Boost)  
  65  6:36  Probe (Chrono Boost)  
  65  6:37  Pylon  
  66  6:42  Probe (Chrono Boost)  
  61  6:57  Probe (Chrono Boost)  
  61  6:58  Probe (Chrono Boost)  
  63  7:02  Stalker x3  
  63  7:04  Robotics Facility  
  63  7:05  Twilight Council  
  63  7:06  Forge  
  70  7:08  Probe (Chrono Boost)  
  70  7:09  Probe (Chrono Boost)  
  71  7:19  Probe (Chrono Boost)  
  71  7:22  Probe (Chrono Boost)  
  67  7:36  Protoss Ground Weapons Level 1, Stalker x3  
  71  7:38  Probe (Chrono Boost)  
  71  7:39  Probe (Chrono Boost)  
  71  7:43  Blink  
  71  7:46  Oracle  
  69  7:52  Probe (Chrono Boost)  
  69  7:54  Gateway  
  69  7:58  Gateway  
  68  7:59  Gateway, Observer  
  68  8:00  Probe x2 (Chrono Boost)  
  68  8:04  Probe (Chrono Boost)  
  71  8:11  Probe (Chrono Boost)  
  71  8:12  Probe (Chrono Boost)  
  73  8:16  Probe (Chrono Boost), Sentry  
  73  8:17  Adept x2  
  80  8:21  Pylon  
  80  8:28  Immortal  
  80  8:31  Pylon  
  81  8:36  Probe (Chrono Boost)  
  81  8:38  Pylon  
  81  8:39  Stalker x2  
  81  8:40  Stalker  
  85  9:03  Stalker  
  85  9:04  Stalker x4  
  85  9:07  Probe (Chrono Boost)  
  96  9:11  Stalker  
  98  9:27  Warp Prism, Probe x2 (Chrono Boost)  
  98  9:28  Assimilator  
  98  9:29  Assimilator  
  102  9:31  Gateway  
  102  9:32  Protoss Ground Weapons Level 2, Gateway, Sentry  
  102  9:33  Adept x4  
  102  9:37  Resonating Glaives  
  112  9:40  Pylon  
  112  9:59  Adept x5  
  120  10:11  Pylon  
  120  10:12  Pylon  
  120  10:23  Pylon x2  
  120  10:24  Pylon  
  120  10:27  Pylon  
  120  10:29  Immortal  
  120  10:30  Adept x2  
  120  10:31  Adept  
  120  10:34  Adept  
  120  10:35  Adept  
  125  10:53  Stalker x4  
  125  10:55  Stalker  
  133  11:07  Adept  
  133  11:08  Adept x2  
  131  11:25  Stalker x5  
  104  11:35  Stalker x3  
  107  11:54  Sentry x5  
  106  11:58  Immortal  
  106  12:23  Nexus  
  104  12:42  Adept x7  
  115  13:02  Adept  
  115  13:03  Pylon  
  117  13:08  Robotics Bay  
  117  13:21  Sentry x2  
  117  13:26  Adept x2  
  125  13:50  Adept x3  
  125  13:51  Adept x2  
  135  14:15  Disruptor  
  78  14:56  Stalker x8  
  78  15:01  Assimilator  
  78  15:03  Assimilator  
  76  15:19  Adept  
Tags
 
Add a new tag
Caveats
  • Supply blocks, unpowered buildings, or Contaminate may cause inaccurate times.
  • Supply counts are checked every 10 seconds.